 Dungeon Crawl Stone Soup version 0.29-a0-330-g52719c12eb (webtiles) character file.

Game seed: 3461064092289081086

555 gruber the Magician (level 7, -6/48 HPs)
             Began as a Djinni Hedge Wizard on Apr 29, 2022.
             Killed from afar by Ijyb (20 damage)
             ... with a bolt of acid
             ... on level 3 of the Dungeon.
             The game lasted 00:04:43 (4870 turns).

gruber the Magician (Djinni Hedge Wizard)           Turns: 4870, Time: 00:04:44

Health: -6/48      AC:  2    Str:  9    XL:     7   Next: 56%
Gold:   123        EV: 12    Int: 17    God:
                   SH:  0    Dex: 13

rFire   + + .      SeeInvis .   q - staff of conjuration
rCold   x . .      Faith    .   (no shield)
rNeg    . . .      Spirit   .   b - +0 robe
rPois   ∞          Reflect  .   h - +2 helmet
rElec   .          Harm     .   (no cloak)
rCorr   .          Rampage  .   n - +0 pair of gloves
Will    .....                   (boots unavailable)
Stlth   ++........              (no amulet)
HPRegen 0.16/turn               (no ring)
MPRegen 0.00/turn               (no ring)

@: corroded, flying
A: sickness immunity, fire resistance 2, cold vulnerability 1, float, innate
caster, HP casting, extra vitality 1
a: no special abilities


You were on level 3 of the Dungeon.
You visited 1 branch of the dungeon, and saw 3 of its levels.
You also visited: Sewer.

You collected 123 gold pieces.

Inventory:

Hand Weapons
 l - a +0 rapier
Armour
 b - a +0 robe (worn)
 h - a +2 helmet (worn)
 n - a +0 pair of gloves (worn)
Magical Staves
 c - a staff of fire
 d - a staff of death
 q - a staff of conjuration (weapon)
Jewellery
 m - a +6 ring of strength
Wands
 i - a wand of polymorph (12)
Scrolls
 f - 2 scrolls of enchant armour {unknown}
 g - 3 scrolls of identify {unknown}
 j - 2 scrolls of fog {unknown}
 o - 2 scrolls of blinking
 r - a scroll of magic mapping {unknown}
Potions
 a - a potion of haste {unknown}
 e - a potion of might {unknown}
 k - a potion of cancellation {unknown}
 p - a potion of lignification {unknown}
 s - a potion of heal wounds {unknown}
 t - a potion of ambrosia {unknown}


   Skills:
 * Level 1.8 Fighting
 - Level 2.1 Dodging
 - Level 1.5 Stealth
 - Level 6.1 Spellcasting


You couldn't memorise any spells.
You knew the following spells:

 Your Spells              Type           Power      Damage    Failure   Level
a - Magic Dart            Conj           100%       1d8       1%          1
b - Blink                 Tloc           50%        N/A       1%          2
c - Call Imp              Summ           25%        N/A       1%          2
d - Slow                  Hex            100%       N/A       1%          1
e - Conjure Flame         Conj/Fire      38%        6-21      3%          3
f - Mephitic Cloud        Conj/Pois/Air  38%        N/A       3%          3
g - Shock                 Conj/Air       100%       1d9       1%          1
h - Ensorcelled Hibernat  Hex/Ice        50%        N/A       1%          2
i - Inner Flame           Hex/Fire       25%        N/A       3%          3
Your spell library was empty.

Dungeon Overview and Level Annotations

Branches:
Dungeon (3/15)              Sewer (visited)

Altars:

Annotations:
D:3 1 runed translucent door, Crazy Yiuf, Ijyb


Innate Abilities, Weirdness & Mutations

You are immune to sickness and miasma.
You are immune to poison.
Your flesh is very heat resistant. (rF++)
You are vulnerable to cold. (rC-)
You float through the air rather than walking.
You learn spells naturally, not from books.
Your magical power is your life essence.
You have superior vitality. (+4 MHP)


Message History

Ijyb zaps a wand.
The bolt of acid hits you!!
Ouch! That really hurt!
The acid corrodes you!
Casting: Magic Dart (safe; 1% risk of failure)
Confirm with . or Enter, or press ? or * to list all spells.
Aiming: Shock (safe; 1% risk of failure)
Press: ? - help, Shift-Dir - straight line, p - Ijyb You feel a surge of power!
The zap hits Ijyb.
Ijyb is moderately wounded.
Ijyb screams, "Die!"
Unknown command.
Unknown command.
Casting: Shock (safe; 1% risk of failure)
Confirm with . or Enter, or press ? or * to list all spells.
Aiming: Shock (safe; 1% risk of failure)
Press: ? - help, Shift-Dir - straight line You feel a surge of power!
The zap hits Ijyb.
Ijyb is heavily wounded.
Unknown command.
Unknown command.
Casting: Shock (safe; 1% risk of failure)
Confirm with . or Enter, or press ? or * to list all spells.
Aiming: Shock (safe; 1% risk of failure)
Press: ? - help, Shift-Dir - straight line You feel a surge of power!
The zap hits Ijyb!
Ijyb is severely wounded.
Unknown command.
Unknown command.
Casting: Shock (safe; 1% risk of failure)
Confirm with . or Enter, or press ? or * to list all spells.
You don't know that spell.
Casting: Shock (safe; 1% risk of failure)
Confirm with . or Enter, or press ? or * to list all spells.
Aiming: Shock (safe; 1% risk of failure)
Press: ? - help, Shift-Dir - straight line You feel a surge of power!
The zap hits Ijyb.
Ijyb is almost dead.
* * * LOW HITPOINT WARNING * * *
Ijyb zaps a wand.
The bolt of acid hits you!!
You die...

.... .#.##### ...
...#..... ..#
#...##### #.#
#....... #.# #.#
#.#.##. #g# #..
.##...##. #.# #.#
......... #.# #.#
###......
##@####.####..###.#
###............ #...#
#......##.#######.###
#...........)..#..###
#######.#.####...###.
#.#.####....##.
#.....>..##....
##.##...###....
#.#..#.#...##.


You could see Ijyb (slow).

Vanquished Creatures
  Grinder (D:3)
  A phantom (D:3)
  2 bullfrogs (Sewer)
  7 adders
  2 worms
  A dart slug (D:3)
  3 orcs (D:3)
  4 endoplasms
  10 giant cockroaches
  7 hobgoblins
  5 quokkas
  8 ball pythons
  5 bats
  11 frilled lizards
  5 goblins
  4 kobolds
  6 rats
82 creatures vanquished.

Vanquished Creatures (others)
  2 fungi (D:3)
  7 plants (D:3)
9 creatures vanquished.

Grand Total: 91 creatures vanquished

Notes
Turn   | Place    | Note
-------+----------+-------------------------------------------
     0 | D:1      | gruber the Djinni Hedge Wizard began the quest for the Orb.
     0 | D:1      | Reached XP level 1. HP: 15/15 MP: 0/0
   499 | D:1      | Reached XP level 2. HP: 16/21 MP: 0/0
   712 | D:1      | Reached skill level 3 in Spellcasting
  1031 | D:1      | Reached XP level 3. HP: 22/25 MP: 0/0
  1031 | D:1      | Learned a level 1 spell: Shock
  2912 | D:3      | Reached XP level 4. HP: 27/31 MP: 0/0
  2912 | D:3      | Found a glowing drain.
  2921 | Sewer    | Entered a sewer
  3098 | Sewer    | Reached skill level 4 in Spellcasting
  3447 | Sewer    | Reached XP level 5. HP: 32/35 MP: 0/0
  3447 | Sewer    | Learned a level 2 spell: Ensorcelled Hibernation
  3681 | Sewer    | Noticed a bullfrog
  3682 | Sewer    | Noticed a bullfrog
  3687 | Sewer    | Killed a bullfrog
  3694 | Sewer    | Killed a bullfrog
  3695 | Sewer    | Reached skill level 5 in Spellcasting
  3695 | Sewer    | Reached XP level 6. HP: 7/40 MP: 0/0
  4387 | D:3      | Noticed Grinder
  4391 | D:3      | Paralysed by Grinder for 3 turns
  4403 | D:3      | Paralysed by Grinder for 2 turns
  4409 | D:3      | Killed Grinder
  4410 | D:3      | Reached skill level 6 in Spellcasting
  4410 | D:3      | Reached XP level 7. HP: 20/45 MP: 0/0
  4410 | D:3      | Learned a level 3 spell: Inner Flame
  4630 | D:3      | Reached skill level 1 in Fighting
  4752 | D:3      | Found a runed translucent door.
  4753 | D:3      | Noticed Crazy Yiuf
  4858 | D:3      | Noticed Ijyb
  4870 | D:3      | Killed from afar by Ijyb

Illustrated notes

Levels and vault maps discovered:
D:1:      psy_arrival_conway, layout_loops_corners, minmay_ruptured
D:2:      layout_basic
D:3:      cheibrodos_old_hovel, layout_rooms,
          shapermc_ecumenical_altar_rom_forum, portal_sewer_entry_d, uniq_ijyb,
          uniq_grinder, uniq_crazy_yiuf_cottage

Skill      XL: |  1  2  3  4  5  6  7 |
---------------+----------------------+-----
Spellcasting   | 3 4 5 6 |  6.1
Fighting       | 1 |  1.8
Dodging        | |  2.1
Stealth        | |  1.5

Action                   |  1- 3 |  4- 6 |  7- 9 || total
-------------------------+-------+-------+-------++-------
Melee: Staff             |     2 |       |       ||     2
       Rapier            |       |     5 |       ||     5
 Cast: Magic Dart        |    90 |   103 |     8 ||   201
       Mephitic Cloud    |       |     1 |       ||     1
       Shock             |       |     6 |     7 ||    13
       Slow              |       |     2 |     2 ||     4
       Blink             |       |       |     2 ||     2
 Stab: Sleeping          |     1 |       |       ||     1
Armor: Robe              |     7 |    19 |     1 ||    27
Dodge: Dodged            |    11 |    33 |       ||    44

Table legend: (Time is in decaauts)
 A = Elapsed time spent in this place.
 B = Non-inter-level travel time spent in this place.
 C = Inter-level travel time spent in this place.
 D = Time resting spent in this place.
 E = Time spent auto-exploring this place.
 F = Levels seen in this place.
 G = Mean time per level.
                   A        B        C        D        E       F      G
               +--------+--------+--------+--------+--------+-----+--------+
         Total |   4868 |   4528 |    340 |      7 |   3993 |   4 | 1217.0 |
       Dungeon |   3732 |   3392 |    340 |      0 |   3028 |   3 | 1244.0 |
         Sewer |   1136 |   1136 |      0 |      7 |    965 |   1 | 1136.0 |
               +--------+--------+--------+--------+--------+-----+--------+

Top non-repeatable levels by time:
     D:1: 1784 daAuts
   Sewer: 1136 daAuts
     D:2: 1074 daAuts
     D:3: 873 daAuts
